 Dungeon Crawl Stone Soup version 0.21.1-1-g345015fe64 (webtiles) character file.

65341 Gargoyl the Cleaver (level 14, -22/119 HPs)
             Began as a Centaur Abyssal Knight on Mar 27, 2018.
             Was a High Priest of Lugonu.
             Annihilated by a spatial maelstrom (25 damage)
             ... on level 1 of the Abyss.
             The game lasted 00:39:57 (19175 turns).

Gargoyl the Cleaver (Centaur Abyssal Knight)       Turns: 19175, Time: 00:39:57

Health: -22/119    AC: 20    Str: 17    XL:     14   Next: 75%
Magic:  13/23      EV: 16    Int: 11    God:    Lugonu [*****.]
Gold:   1535       SH:  8    Dex: 16    Spells: 13/13 levels left

rFire    + . .     SeeInvis .   j - +5 hand axe (elec)
rCold    + . .     Gourm    .   l - +3 buckler
rNeg     . . .     Faith    .   f - +4 chain mail
rPois    .         Spirit   .   R - +2 hat "Deenluach" {Dex+4}
rElec    .         Reflect  .   L - scarf {rC+ rF+}
rCorr    .         Harm     .   g - +2 pair of gloves
MR       +....                  (no barding)
Stlth    ..........             z - amulet of regeneration
HPRegen  0.69/turn              m - +4 ring of evasion
MPRegen  0.18/turn              A - +5 ring of evasion

@: very quick
A: large, hooves 3, deformed body, speed 2, tough skin 3
a: Depart the Abyss, Bend Space, Banish, Corrupt, Enter the Abyss, Renounce
Religion


You were on level 1 of the Abyss.
You worshipped Lugonu.
Lugonu was extremely pleased with you.
You were not hungry.

You visited 2 branches of the dungeon, and saw 19 of its levels.
You visited the Abyss 2 times.
You also visited: Sewer, Ice Cave and Volcano.

You collected 1535 gold pieces.

Inventory:

Hand Weapons
 j - a +5 hand axe of electrocution (weapon)
 v - a +4 hand axe
 D - a +0 broad axe of flaming
Missiles
 s - 11 tomahawks (quivered)
Armour
 f - a +4 chain mail (worn)
 g - a +2 pair of gloves (worn)
 l - a +3 buckler (worn)
 L - a scarf of resistance (worn)
 R - the +2 hat "Deenluach" (worn) {Dex+4}
   (You found it in a volcano)

   It affects your dexterity (+4).
Jewellery
 m - a +4 ring of evasion (left hand)
 x - an uncursed ring of protection from cold
 z - an amulet of regeneration (around neck)
 A - a +5 ring of evasion (right hand)
 F - an uncursed ring of ice {unknown}
 J - an uncursed ring of see invisible
Wands
 r - a wand of digging (19)
 H - a wand of flame (17)
 I - a wand of iceblast (10)
 K - a wand of paralysis (23)
 N - a wand of polymorph (20)
 P - a wand of acid (6)
 U - a wand of enslavement (12)
Scrolls
 b - 9 scrolls of teleportation
 i - a scroll of holy word
 k - 3 scrolls of amnesia
 n - 3 scrolls of fog
 q - 3 scrolls of identify
 y - 6 scrolls of remove curse
 E - a scroll of magic mapping
 S - a scroll of blinking
 V - a scroll of enchant weapon
Potions
 a - 5 potions of magic
 d - 2 potions of flight
 e - 7 potions of curing
 h - 2 potions of berserk rage
 o - 4 potions of might
 u - 2 potions of ambrosia
 B - a potion of resistance
 O - a potion of haste {unknown}
 Q - a potion of heal wounds {unknown}
Books
 p - a book of Party Tricks

   Spells                             Type                      Level
   a - Summon Butterflies             Summoning                    1
   b - Apportation                    Translocation                1
   c - Lesser Beckoning               Translocation                3
   d - Tukima's Dance                 Hexes                        3
   e - Alistair's Intoxication        Transmutation/Poison         5
   f - Invisibility                   Hexes                        6
 t - a book of Misfortune

   Spells                             Type                      Level
   a - Confusing Touch                Hexes                        1
   b - Confuse                        Hexes                        3
   c - Gell's Gravitas                Translocation                3
   d - Petrify                        Transmutation/Earth          4
   e - Metabolic Englaciation         Hexes/Ice                    5
   f - Yara's Violent Unravelling     Hexes/Transmutation          5
 w - a book of Changes

   Spells                             Type                      Level
   a - Beastly Appendage              Transmutation                1
   b - Sticks to Snakes               Transmutation                2
   c - Spider Form                    Transmutation/Poison         3
   d - Ice Form                       Ice/Transmutation            4
   e - Blade Hands                    Transmutation                5
 C - a book of Power

   Spells                             Type                      Level
   a - Iskenderun's Battlesphere      Conjuration/Charms           5
   b - Venom Bolt                     Conjuration/Poison           5
   c - Bolt of Magma                  Conjuration/Fire/Earth       5
   d - Iron Shot                      Conjuration/Earth            6
   e - Orb of Destruction             Conjuration                  7
   f - Spellforged Servitor           Conjuration/Summoning        7
 G - a book of Debilitation

   Spells                             Type                      Level
   a - Corona                         Hexes                        1
   b - Slow                           Hexes                        2
   c - Inner Flame                    Hexes/Fire                   3
   d - Portal Projectile              Hexes/Translocation          3
   e - Cause Fear                     Hexes                        4
   f - Leda's Liquefaction            Hexes/Earth                  4
 M - a book of Beasts

   Spells                             Type                      Level
   a - Summon Butterflies             Summoning                    1
   b - Call Canine Familiar           Summoning                    3
   c - Summon Ice Beast               Ice/Summoning                4
   d - Summon Mana Viper              Hexes/Summoning              5
   e - Summon Hydra                   Summoning                    7
Comestibles
 c - 42 rations
 W - 2 chunks of flesh


   Skills:
 + Level 9.8 Fighting
 + Level 13.2 Axes
 * Level 11.1 Armour
 + Level 3.9 Dodging
 + Level 5.2 Shields
 * Level 12.6 Invocations


You had 13 spell levels left.
You didn't know any spells.

Dungeon Overview and Level Annotations

Branches:
Dungeon (12/15)            Temple (0/1) D:4            Lair (6/6) D:11
 Shoals (0/4) Lair:4        Snake (0/4) Lair:2        Slime (0/5) Lair:5
    Orc (0/2) D:11

Altars:
Ashenzari
Elyvilon
Fedhas
Gozag
Hepliaklqana
Makhleb
Okawaru
Xom
Jiyva

Portals:
Trove: D:15 (lose all piety)


Innate Abilities, Weirdness & Mutations

You have hooves in place of feet.
Armour fits poorly on your strangely shaped body.
You cover ground very quickly.
You have extremely tough skin. (AC +3)


Message History

A jelly comes into view.
The jelly quivers.
A deep elf mage comes into view. It is wielding a long sword.
The deep elf mage shouts!
A shadow imp comes into view.
The shadow imp shouts!
You hear a croak.
You block the kobold demonologist's attack.
Found a battleaxe.
To return, you must find a gate leading back.
Killing monsters will force the Abyss to allow you passage.
This branch contains the abyssal rune of Zot.
You are feeling hungry.
Lugonu is no longer ready to corrupt your weapon.
A spatial maelstrom comes into view.
You start resting.
Eating one of 3 chunks of flesh.
You eat one of the 3 chunks of flesh.
This raw flesh tastes terrible.
The spatial maelstrom hits you.
* * * LOW HITPOINT WARNING * * *
Space warps horribly around you!
You die...

# .# ##. .
#..####.## ##..
......... ....?
......v.#......
#....@v....v.
#............
#............
#...........#
#...........#
..#####.......
8.. ....... 88
.......


You could see 2 spatial maelstroms and a spatial vortex (wandering).

Vanquished Creatures
  Rupert (D:15)
  Gastronok (D:8)
  2 hydras
  A rakshasa (D:11)
  2 catoblepae
  2 two-headed ogres (D:8)
  A dancing weapon (Volcano)
  15 death yaks
  A deep troll shaman (Lair:6)
  Nergalle (Lair:2)
  A fire crab (Lair:6)
  An unseen horror (D:11)
  A lindwurm (Lair:6)
  5 wizards (Volcano)
  Pikel (D:5)
  An oklob plant (Lair:6)
  2 manticores (D:11)
  A merfolk siren (Lair:4)
  3 ugly things (D:11)
  5 toenail golems (Volcano)
  Psyche (D:11)
  2 black mambas
  A centaur zombie (D:12)
  3 elephants (Lair:6)
  8 spiny frogs
  9 komodo dragons
  3 rime drakes
  2 trolls (D:11)
  A queen bee (Lair:3)
  2 polar bears (Lair:6)
  Prince Ribbit (D:8)
  2 hornets
  20 blink frogs
  6 dream sheep (Lair:5)
  10 hippogriffs
  2 wraiths (D:7)
  7 wyverns
  7 spriggans (Lair:1)
  29 yaks
  3 basilisks
  A steam dragon (Lair:3)
  A human (D:8)
  A warg (D:11)
  3 hogs (D:8)
  A hungry ghost (D:11)
  A soldier ant (D:11)
  An acid dragon (D:11)
  4 nagas (Lair:2)
  11 water moccasins
  Purgy (D:3)
  7 ice beasts
  10 porcupines
  5 orc warriors
  4 sky beasts
  2 eyes of draining
  A necrophage (D:11)
  13 wolves
  5 ogres
  3 black bears
  2 phantoms
  5 centaurs
  17 crocodiles
  12 bullfrogs
  22 killer bees (Lair:3)
  6 scorpions
  9 wights
  2 vampire bats (Lair:4)
  2 howler monkeys
  7 crimson imps
  2 quasits
  A bullfrog zombie (D:6)
  4 jellies
  3 orc wizards
  2 centaur skeletons
  5 orc priests
  4 bullfrog skeletons
  4 hounds
  5 iguanas
  A hell rat (Lair:3)
  9 worker ants
  2 hound skeletons
  A worker ant zombie (D:5)
  Robin (D:2)
  3 gnolls (D:3)
  A howler monkey skeleton (D:6)
  7 adders
  2 river rats
  5 shadow imps
  3 oozes
  An adder zombie (D:7)
  An adder skeleton (D:6)
  4 worms
  A dart slug (D:1)
  8 leopard geckos
  33 orcs
  4 ball pythons
  3 giant cockroaches
  11 goblins
  8 hobgoblins
  15 jackals
  13 kobolds
  3 quokkas
  9 bats
  A frilled lizard (D:1)
  2 jackal skeletons
  A leopard gecko skeleton (D:7)
  9 rats
  3 fungi (Lair:6)
  4 plants
525 creatures vanquished.

Vanquished Creatures (others)
  A hydra (D:11)
  An ugly thing (IceCv)
  3 oklob plants (Lair:4)
  A black mamba (Lair:6)
  2 slaves (D:6)
  A killer bee (Lair:3)
  An orc wizard (D:11)
  5 fungi
  8 plants
  2 withered plants (D:15)
25 creatures vanquished.

Grand Total: 550 creatures vanquished

Notes
Turn   | Place    | Note
-------+----------+-------------------------------------------
     0 | Abyss:1  | Gargoyl the Centaur Abyssal Knight began the quest for the Orb.
     0 | Abyss:1  | Reached XP level 1. HP: 19/19 MP: 2/2
    26 | Abyss:1  | Noticed an orange demon
    52 | Abyss:2  | Noticed a dire elephant simulacrum
    93 | Abyss:2  | Noticed a hungry ghost
    98 | Abyss:2  | Noticed a large abomination
   110 | Abyss:2  | Noticed an ice dragon skeleton
   113 | Abyss:2  | Noticed a small abomination
   147 | Abyss:3  | Noticed a ynoxinul
   148 | D:1      | Escaped the Abyss
   426 | D:1      | Reached XP level 2. HP: 23/26 MP: 3/3
   522 | D:1      | Reached * piety under Lugonu
   544 | D:1      | Reached skill level 2 in Axes
  1013 | D:2      | Reached XP level 3. HP: 31/31 MP: 4/4
  1460 | D:2      | Noticed Robin
  1474 | D:2      | Killed Robin
  1645 | D:2      | Reached XP level 4. HP: 40/40 MP: 5/5
  1805 | D:2      | Found a hazy altar of Hepliaklqana.
  2055 | D:2      | Found an iron altar of Okawaru.
  2465 | D:3      | Reached ** piety under Lugonu
  2499 | D:3      | Reached XP level 5. HP: 46/46 MP: 6/6
  2503 | D:3      | Reached skill level 3 in Axes
  2632 | D:3      | Noticed Purgy
  2645 | D:3      | Killed Purgy
  2645 | D:3      | Reached skill level 1 in Dodging
  2775 | D:3      | Reached XP level 6. HP: 52/52 MP: 8/8
  3311 | D:4      | Found an iron altar of Okawaru.
  3552 | D:4      | Reached skill level 4 in Axes
  3887 | D:4      | Reached XP level 7. HP: 36/60 MP: 9/9
  4091 | D:4      | Found a staircase to the Ecumenical Temple.
  4457 | D:5      | Entered Level 5 of the Dungeon
  4595 | D:5      | Reached *** piety under Lugonu
  4935 | D:5      | Reached skill level 5 in Axes
  4999 | D:5      | Found a shimmering altar of Xom.
  5266 | D:6      | Noticed Pikel
  5285 | D:5      | Killed Pikel
  5285 | D:5      | Reached skill level 1 in Shields
  5285 | D:5      | Reached XP level 8. HP: 50/67 MP: 11/11
  5397 | D:6      | Reached skill level 5 in Invocations
  5441 | D:6      | Reached skill level 5 in Fighting
  5457 | D:6      | Reached skill level 6 in Axes
  5512 | D:6      | Found a glowing drain.
  5528 | Sewer    | Entered a sewer
  6306 | D:6      | Reached skill level 5 in Armour
  6306 | D:6      | Reached XP level 9. HP: 65/74 MP: 13/13
  7118 | D:7      | Found a burning altar of Makhleb.
  7289 | D:7      | Reached **** piety under Lugonu
  7393 | D:7      | Reached skill level 7 in Axes
  7592 | D:7      | Found a shattered altar of Ashenzari.
  7905 | D:8      | Reached XP level 10. HP: 80/83 MP: 14/14
  8000 | D:8      | Noticed Gastronok
  8017 | D:8      | Killed Gastronok
  8017 | D:8      | Reached skill level 8 in Axes
  8108 | D:8      | Noticed a two-headed ogre
  8110 | D:8      | Noticed Prince Ribbit
  8117 | D:8      | Killed a two-headed ogre
  8124 | D:8      | Killed Prince Ribbit
  8124 | D:8      | Reached skill level 9 in Axes
  8208 | D:8      | Noticed a two-headed ogre
  8219 | D:8      | Killed a two-headed ogre
  8554 | D:9      | Reached XP level 11. HP: 77/91 MP: 16/16
  8791 | D:9      | Found an opulent altar of Gozag.
  8792 | D:9      | Found a white marble altar of Elyvilon.
  8956 | D:10     | Entered Level 10 of the Dungeon
  9125 | D:10     | Paralysed by a hornet for 3 turns
  9201 | D:10     | Reached ***** piety under Lugonu
 10036 | D:11     | Noticed a red ugly thing
 10048 | D:11     | Killed a red ugly thing
 10066 | D:11     | Noticed a cyan ugly thing
 10081 | D:11     | Noticed a seven-headed hydra
 10087 | D:11     | Banished a nine-headed hydra
 10087 | D:11     | Reached skill level 10 in Axes
 10090 | D:11     | Killed a cyan ugly thing
 10329 | D:11     | Noticed a rakshasa
 10359 | D:11     | Killed a rakshasa
 10451 | D:11     | Killed an unseen horror
 10536 | D:11     | Noticed Psyche
 10549 | D:11     | Killed Psyche
 10549 | D:11     | Reached XP level 12. HP: 88/101 MP: 18/18
 10695 | D:11     | Found a staircase to the Orcish Mines.
 10756 | D:11     | Found a staircase to the Lair.
 10964 | Lair:1   | Entered Level 1 of the Lair of Beasts
 10995 | Lair:1   | Reached skill level 11 in Axes
 11014 | Lair:1   | Found a frozen archway.
 11029 | IceCv    | Entered an ice cave
 11459 | Lair:1   | Reached skill level 10 in Invocations
 12013 | Lair:2   | Reached ****** piety under Lugonu
 12173 | Lair:2   | Noticed Nergalle
 12185 | Lair:2   | Killed Nergalle
 12318 | Lair:2   | Found a staircase to the Snake Pit.
 12508 | Lair:2   | Noticed a death yak
 12508 | Lair:2   | Noticed a death yak
 12510 | Lair:2   | Noticed a death yak
 12526 | Lair:1   | Killed a death yak
 12563 | Lair:2   | Killed a death yak
 12563 | Lair:2   | Reached XP level 13. HP: 30/108 MP: 20/20
 13876 | Lair:3   | Reached skill level 12 in Axes
 14788 | Lair:4   | Reached skill level 10 in Armour
 15327 | Lair:4   | Found a staircase to the Shoals.
 15689 | Lair:5   | Found a staircase to the Slime Pits.
 15689 | Lair:5   | Found a viscous altar of Jiyva.
 16249 | Lair:5   | Found a dark tunnel.
 16265 | Volcano  | Entered a volcano
 16278 | Volcano  | Reached XP level 14. HP: 106/118 MP: 22/22
 16560 | Volcano  | Got a dazzling hat
 16571 | Volcano  | Identified the +2 hat "Deenluach" {Dex+4} (You found it in a volcano)
 17033 | Lair:6   | Entered Level 6 of the Lair of Beasts
 17394 | Lair:6   | Reached skill level 5 in Shields
 17840 | Lair:6   | Reached skill level 13 in Axes
 18489 | Lair:6   | Found a blossoming altar of Fedhas.
 19035 | D:12     | You fall through a shaft for 3 floors!
 19035 | D:15     | Entered Level 15 of the Dungeon
 19035 | D:15     | Found a portal to a secret trove of treasure.
 19035 | D:15     | Noticed Rupert
 19083 | D:15     | Killed Rupert
 19175 | Abyss:1  | HP: 3/119 [spatial maelstrom (4)]
 19175 | Abyss:1  | Annihilated by a spatial maelstrom

Skill      XL: |  1  2  3  4  5  6  7  8  9 10 11 12 13 14 |
---------------+-------------------------------------------+-----
Axes           | 2 3 4 5 6 7 9 10 11 12 13 | 13.2
Armour         | 2 3 4 5 6 8 9 10 11 | 11.1
Fighting       | 4 5 6 7 8 9 |  9.8
Dodging        | 1 2 3 |  3.9
Invocations    | 3 4 5 6 7 9 10 11 12 | 12.6
Shields        | 1 2 3 4 5 |  5.2

Action                   |  1- 3 |  4- 6 |  7- 9 | 10-12 | 13-15 || total
-------------------------+-------+-------+-------+-------+-------++-------
Melee: Hand axe          |    97 |   142 |   267 |   608 |   781 ||  1895
       Kick              |    15 |    34 |    61 |   164 |   248 ||   522
       Broad axe         |       |       |       |       |    17 ||    17
Throw: Tomahawk          |       |       |     1 |       |     2 ||     3
Invok: Depart the Abyss  |     1 |       |       |       |       ||     1
       Bend Space        |       |       |     1 |     1 |       ||     2
       Banish            |       |       |       |     3 |     7 ||    10
       Enter the Abyss   |       |       |       |       |     1 ||     1
  Use: Scroll            |     7 |     6 |     6 |     8 |     8 ||    35
       Potion            |       |       |     1 |       |     2 ||     3
 Stab: Petrified         |       |       |       |       |    15 ||    15
  Eat: Chunk             |     1 |     4 |     9 |    12 |    21 ||    47
       Ration            |       |     1 |       |     1 |       ||     2
Armor: Chain mail        |    93 |    89 |   175 |   232 |   295 ||   884
Dodge: Dodged            |    28 |    40 |   109 |   332 |   438 ||   947
Block: Buckler           |     3 |    19 |    46 |   143 |   219 ||   430
